 Dungeon Crawl Stone Soup version 0.27-a0-808-g60bc5d92e6 (webtiles) character file.

Game seed: 1795028195645906085

450 polve the Insei (level 6, -3/47 HPs)
             Began as a Demonspawn Abyssal Knight on Mar 28, 2021.
             Was a Believer of Lugonu.
             Slain by an ogre
             ... wielding a +0 giant spiked club
              (18 damage)
             ... on level 4 of the Dungeon.
             The game lasted 00:03:29 (4656 turns).

polve the Insei (Demonspawn Abyssal Knight)         Turns: 4656, Time: 00:03:29

Health: -3/47      AC:  9    Str: 12    XL:     6   Next: 74%
Magic:  7/7        EV: 11    Int: 15    God:    Lugonu [**....]
Gold:   127        SH:  0    Dex: 19    Spells: 5/5 levels left

rFire    . . .     SeeInvis .     - Unarmed
rCold    . . .     Faith    .   (no shield)
rNeg     . . .     Spirit   .   a - +3 leather armour
rPois    +         Reflect  .   (helmet restricted)
rElec    .         Harm     .   g - +0 cloak
rCorr    .         Rampage  .   (no gloves)
Will     .....                  b - +1 pair of boots
Stlth    +.........             (no amulet)
HPRegen  0.15/turn              m - +6 ring of dexterity
MPRegen  0.10/turn              f - ring of poison resistance

@: no status effects
A: antennae 1, claws 1, hooves 2, powered by death 1
a: Renounce Religion, Depart the Abyss, Bend Space


You were on level 4 of the Dungeon.
You worshipped Lugonu.
Lugonu was pleased with you.
You visited 1 branch of the dungeon, and saw 4 of its levels.
You visited the Abyss 1 time.

You collected 127 gold pieces.

Inventory:

Armour
 a - a +3 leather armour (worn)
 b - a +1 pair of boots (worn)
 g - a +0 cloak (worn)
 i - a +0 kite shield
Jewellery
 d - a ring of wizardry
 f - a ring of poison resistance (right claw)
 m - a +6 ring of dexterity (left claw)
Scrolls
 e - 2 scrolls of noise {unknown}
 l - a scroll of magic mapping {unknown}
Potions
 c - a potion of flight {unknown}
 h - a potion of heal wounds {unknown}
 n - 2 potions of curing


   Skills:
 - Level 3.0 Fighting
 - Level 2.5 Long Blades
 - Level 1.7 Armour
 - Level 0.8 Dodging
 + Level 6.0 Unarmed Combat
 - Level 2.4 Invocations


You had 5 spell levels left.
You didn't know any spells.
Your spell library contained the following spells:

 Spells                   Type           Power      Damage    Failure   Level
 Confusing Touch          Hex            0%         N/A       71%         3
 Gell's Gravitas          Tloc           0%         N/A       71%         3
 Petrify                  Tmut/Erth      0%         N/A       98%         4
 Metabolic Englaciation   Hex/Ice        0%         N/A       100%        5
 Yara's Violent Unravell  Hex/Tmut       0%         3d3       100%        5


Dungeon Overview and Level Annotations

Branches:
Dungeon (4/15)
 Temple: D:4-7

Altars:
Dithmenos

Shops:
D:2 [

Annotations:
D:4 Natasha


Innate Abilities, Weirdness & Mutations

You have a pair of small antennae on your head.
You have sharp fingernails.
You have hoof-like feet.
You regenerate a little health from kills.


Message History

You kill the giant cockroach!
Lugonu accepts your kill.
You see here a giant cockroach corpse.
An ogre comes into view. It is wielding a +0 giant spiked club.
The ogre shouts!
You hear an angry hiss.
Found 18 gold pieces.
An ogre is nearby!
An ogre is nearby!
Natasha, Servant of Life and Death comes into view.
Natasha hisses angrily.
Found 13 gold pieces.
Natasha casts a spell at you.
The magic dart hits you but does no damage.
You scratch the ogre.
The ogre is lightly wounded.
You scratch the ogre.
The ogre is lightly wounded.
The ogre hits you with a +0 giant spiked club!
Natasha casts a spell.
You are too injured to fight recklessly!
You are too injured to fight recklessly!
You are too injured to fight recklessly!
You are too injured to fight recklessly!
You are too injured to fight recklessly!
You are too injured to fight recklessly!
You are too injured to fight recklessly!
You are too injured to fight recklessly!
You are too injured to fight recklessly!
You claw the ogre! You claw the ogre.
The ogre is heavily wounded.
The ogre hits you with a +0 giant spiked club!!
* * * LOW HITPOINT WARNING * * *
You scratch the ogre but do no damage.
The ogre is heavily wounded.
The ogre hits you with a +0 giant spiked club.
* * * LOW HITPOINT WARNING * * *
Natasha claws you but does no damage.
You feel better.
The ogre hits you with a +0 giant spiked club!!
You die...

### ###.# ##..
####.#..... #... #
##.#.......####.#. ##.
#.........###...#. #.$#
.............#.##
##...##5.#.......#†####
#....h#.##.....###.#...
#.O@....>.###.......
##........#.....#...
......#.#.........#...
#......####......†##...
#...$... ###.....#....
#........ #..........
##....#.. ##.........
####.###. #..#.......
##...#..#.#


You could see an ogre, Natasha and a crimson imp (summoned).

Vanquished Creatures
  A water moccasin (D:4)
  An ogre (D:2)
  A centaur (D:4)
  A hound (D:4)
  2 iguanas
  Robin (D:3)
  An adder skeleton (D:4)
  2 worms
  3 dart slugs
  An orc (D:3)
  6 endoplasms
  6 giant cockroaches
  11 goblins
  10 hobgoblins
  5 jackals
  A quokka (D:3)
  A ball python (D:1)
  7 bats
  2 frilled lizards
  9 kobolds
  4 rats
76 creatures vanquished.

Notes
Turn   | Place    | Note
-------+----------+-------------------------------------------
     0 | Abyss:1  | polve the Demonspawn Abyssal Knight began the quest for the
                  | Orb.
     0 | Abyss:1  | Reached XP level 1. HP: 18/18 MP: 2/2
     8 | Abyss:1  | Noticed a thrashing horror
     9 | D:1      | Escaped the Abyss
    28 | D:1      | Noticed a polar bear
    28 | D:1      | Noticed a wolf
    28 | D:1      | Noticed a seven-headed hydra
    29 | D:1      | Noticed an iguana
    29 | D:1      | Noticed a scorpion
   203 | D:1      | Gained mutation: You have large cloven feet. [demonic
                  | ancestry]
   203 | D:1      | Reached XP level 2. HP: 24/24 MP: 3/3
   266 | D:1      | Reached * piety under Lugonu
   513 | D:1      | Reached skill level 1 in Unarmed Combat
   737 | D:1      | Gained mutation: You have hoof-like feet. [demonic
                  | ancestry]
   737 | D:1      | Reached XP level 3. HP: 4/29 MP: 4/4
  1355 | D:2      | Noticed an ogre
  1746 | D:2      | Found Ykhott's Antique Armour Boutique.
  1771 | D:2      | Reached skill level 2 in Unarmed Combat
  2388 | D:2      | Found a shadowy altar of Dithmenos.
  2508 | D:2      | Killed an ogre
  2509 | D:2      | Reached skill level 3 in Unarmed Combat
  2509 | D:2      | Gained mutation: You regenerate a little health from kills.
                  | [demonic ancestry]
  2509 | D:2      | Reached XP level 4. HP: 26/35 MP: 5/5
  2763 | D:3      | Gained mutation: You have sharp fingernails. [demonic
                  | ancestry]
  2763 | D:3      | Reached XP level 5. HP: 35/41 MP: 6/6
  2923 | D:3      | Noticed Robin
  2964 | D:3      | Reached ** piety under Lugonu
  2965 | D:3      | Reached skill level 4 in Unarmed Combat
  2982 | D:3      | Killed Robin
  3625 | D:3      | Found a faded altar of an unknown god.
  3887 | D:4      | Noticed a centaur
  3980 | D:4      | Killed a centaur
  3981 | D:4      | Reached skill level 5 in Unarmed Combat
  3981 | D:4      | Gained mutation: You have a pair of small antennae on your
                  | head. [demonic ancestry]
  3981 | D:4      | Reached XP level 6. HP: 43/47 MP: 7/7
  4056 | D:4      | Noticed a water moccasin
  4072 | D:4      | Killed a water moccasin
  4458 | D:4      | Reached skill level 6 in Unarmed Combat
  4650 | D:4      | Noticed Natasha
  4656 | D:4      | Slain by an ogre

Illustrated notes

Levels and vault maps discovered:
D:1:      onia_arrival_zoo_common, layout_rooms, minmay_misc_feat_ornament
D:2:      layout_basic, nicolae_overflow_crystal_walls, serial_shops,
          shop_fountains
D:3:      layout_basic, chequers_ecumenical_altar_grove, minivault_11,
          uniq_robin
D:4:      layout_cave_pools, serial_bayou_pond_a, uniq_natasha

Skill      XL: |  1  2  3  4  5  6 |
---------------+-------------------+-----
Long Blades    | 2 |  2.5
Unarmed Combat | 1 3 5 6 |  6.0
Fighting       | |  3.0
Armour         | |  1.7
Dodging        | |  0.8
Invocations    | |  2.4

Action                   |  1- 3 |  4- 6 || total
-------------------------+-------+-------++-------
Melee: Falchion          |   123 |       ||   123
       Kick              |    21 |     1 ||    22
       Punch             |     1 |     5 ||     6
       Unarmed           |       |   153 ||   153
Invok: Depart the Abyss  |     1 |       ||     1
  Use: Potion            |     1 |     1 ||     2
 Stab: Sleeping          |     1 |     3 ||     4
Armor: Leather armour    |    44 |    50 ||    94
Dodge: Dodged            |    92 |    76 ||   168
       Rpst.: Falchion   |    25 |       ||    25

Table legend: (Time is in decaauts)
 A = Elapsed time spent in this place.
 B = Non-inter-level travel time spent in this place.
 C = Inter-level travel time spent in this place.
 D = Time resting spent in this place.
 E = Time spent auto-exploring this place.
 F = Levels seen in this place.
 G = Mean time per level.
                   A        B        C        D        E       F      G
               +--------+--------+--------+--------+--------+-----+--------+
         Total |   4663 |   4533 |    130 |      0 |   3929 |   5 |  932.6 |
       Dungeon |   4654 |   4524 |    130 |      0 |   3921 |   4 | 1163.5 |
         Abyss |      9 |      9 |      0 |      0 |      8 |   1 |    9.0 |
               +--------+--------+--------+--------+--------+-----+--------+

Top non-repeatable levels by time:
     D:3: 1469 daAuts
     D:2: 1444 daAuts
     D:1: 1307 daAuts
     D:4: 433 daAuts
 Abyss:1: 9 daAuts
